 Dungeon Crawl Stone Soup version 0.31-a0-198-g2ad674f65e (webtiles) character file.

Game seed: 5374311236439753453

65 qw the Shooter (level 3, 0/20 HPs)
             Began as a Deep Elf Hunter on June 25, 2023.
             Succumbed to an adder's poison
             ... on level 3 of the Dungeon.
             The game lasted 00:00:35 (1751 turns).

qw the Shooter (Deep Elf Hunter)                    Turns: 1751, Time: 00:00:35

Health: 0/20       AC:  4    Str: 10    XL:     3   Next: 94%
Magic:  5/5        EV: 12    Int: 13    God:
Gold:   127        SH:  0    Dex: 18    Spells: 2/2 levels left

rFire   . . .        Y - +0 shortbow
rCold   . . .        (shield currently unavailable)
rNeg    . . .        c - +0 leather armour
rPois   .            (no helmet)
rElec   .            e - +0 cloak
rCorr   .            (no gloves)
SInv    .            (no boots)
Will    .....        (no amulet)
Stlth   ++           (no ring)
HPRegen 0.23/turn    (no ring)
MPRegen 0.09/turn

%: no passive effects
@: lethally poisoned (0 -> -15)
A: no striking features
a: no special abilities


You were on level 3 of the Dungeon.
You visited 1 branch of the dungeon, and saw 3 of its levels.

You collected 127 gold pieces.


   Skills:
 - Level 1.5 Fighting
 + Level 7.4 Ranged Weapons
 - Level 2.4 Dodging
 - Level 1.2 Stealth


You had 2 spell levels left.
You didn't know any spells.
Your spell library was empty.

Inventory:

Hand Weapons
 Y - a +0 shortbow (weapon)
Armour
 c - a +0 leather armour (worn)
 e - a +0 cloak (worn)
 g - a +0 helmet
 i - a +0 ring mail
Scrolls
 h - 2 scrolls of identify {unknown}
Potions
 a - a potion of haste {unknown}
 b - a potion of invisibility {unknown}
 d - a potion of brilliance {unknown}
 f - a potion of curing {unknown}

Dungeon Overview and Level Annotations

Branches:
Dungeon (3/15)

Altars:


Message History

There is an open door here.
Enter note:
Enter note:
Enter note:
Enter note: You shoot an arrow.
The arrow misses the adder.
You shoot an arrow. The arrow misses the adder.
You shoot an arrow. The arrow completely misses the adder.
The adder bites you. The adder barely misses you.
You shoot an arrow. The arrow hits the adder.
The adder is lightly wounded.
The adder bites you but does no damage.
You shoot an arrow.
The arrow hits the adder but does no damage.
The adder is lightly wounded.
The adder bites you. The adder completely misses you.
You shoot an arrow. The arrow closely misses the adder.
The adder misses you.
You shoot an arrow. The arrow misses the adder.
The adder bites you but does no damage.
You shoot an arrow. The arrow closely misses the adder.
The adder bites you.
You are poisoned.
The adder poisons you! The adder closely misses you.
You shoot an arrow. The arrow barely misses the adder.
You feel sick. The adder bites you.
You are lethally poisoned!
The adder poisons you!
You shoot an arrow.
The arrow hits the adder but does no damage.
The adder is lightly wounded.
You feel very sick.
You hear a shout!
The adder bites you.
You are more poisoned.
The adder poisons you!
A kobold comes into view. It is wielding a +0 dagger.
The adder barely misses you.
You shoot an arrow. The arrow barely misses the adder.
You die...

#....# #.....# #
#....# ####### #
#....## ....# #
###...# ....# #
#####%### ....#
#### #.......#
....# #...
#.......## ....#
#...
#........#####S...#
###...
#......#.....@....#
#.....
#......#######....#
#..... #......#
.#### #..#..
######## K. #..#..
#.# #..... ..
#..... ### #..#..
...#.. ...%..#


You could see an adder and a kobold.

Vanquished Creatures
  2 adders (D:2)
  A dart slug (D:1)
  A worm (D:2)
  An endoplasm (D:1)
  3 giant cockroaches
  3 goblins
  3 hobgoblins
  3 jackals (D:1)
  4 quokkas
  3 ball pythons
  4 bats
  3 frilled lizards (D:1)
  4 kobolds
  8 rats
43 creatures vanquished.

Notes
Turn   | Place    | Note
-------+----------+-------------------------------------------
     0 | D:1      | qw the Deep Elf Hunter began the quest for the Orb.
     0 | D:1      | Reached XP level 1. HP: 12/12 MP: 3/3
     0 | D:1      | 0 ||| qw: Version: 0.3-a-22-g0ed2b0b
     0 | D:1      | 0 ||| qw: Game counter: 4890
     0 | D:1      | 0 ||| qw: Melee chars always use a shield: true
     0 | D:1      | 0 ||| qw: God list: Okawaru
     0 | D:1      | 0 ||| qw: Allow faded altars: false
     0 | D:1      | 0 ||| qw: Do Orc after clearing Dungeon:15 true
     0 | D:1      | 0 ||| qw: Do second Lair branch before Depths: true
     0 | D:1      | 0 ||| qw: Lair rune preference: random
     0 | D:1      | 0 ||| qw: Goals: Normal
     0 | D:1      | 0 ||| PLANNING D:1-11
   102 | D:1      | Reached XP level 2. HP: 16/16 MP: 4/4
   253 | D:1      | Reached skill level 6 in Ranged Weapons
   695 | D:1      | Reached XP level 3. HP: 20/20 MP: 5/5
   765 | D:1      | 765 ||| UPGRADING to +0 cloak.
   770 | D:1      | 770 ||| READING scroll labelled JIURCH VOEJEGHI.
   775 | D:1      | 775 ||| READING scroll labelled YRCHOU CANKOS.
   776 | D:1      | 776 ||| DROPPING scroll of butterflies.
  1060 | D:2      | Reached skill level 7 in Ranged Weapons
  1157 | D:2      | Identified the +5 falchion of Docew {holy, Drain rN+ rCorr
                  | Dex+6}
  1442 | D:2      | 1442 ||| READING 2 scrolls labelled GISIG OLUY.
  1443 | D:2      | 1443 ||| DROPPING scroll of noise.
  1750 | D:3      | HP: 5/20 [poisoned by an adder]
  1751 | D:3      | Succumbed to an adder's poison

Levels and vault maps discovered:
D:1:      dpeg_arrival_renting, layout_loops_cross, serial_aquarium,
          aquarium_bridge_square [aquarium_subvault_bridge,
          aquarium_subvault_bridge, aquarium_subvault_wall,
          aquarium_subvault_wall], aquarium_bridge_straight
          [aquarium_subvault_bridge, aquarium_subvault_balcony,
          aquarium_subvault_bridge, aquarium_subvault_window],
          aquarium_window_1, aquarium_window_double, aquarium_window_1,
          aquarium_window_corridor_3, aquarium_view_2a, aquarium_view_2b
D:2:      layout_loops_ring, kennysheep_big_empty_room
D:3:      layout_basic

Skill      XL: |  1  2  3 |
---------------+----------+-----
Ranged Weapons | 6 7 |  7.4
Fighting       | |  1.5
Dodging        | |  2.4
Stealth        | |  1.2

Action                     || total
---------------------------++-------
   Fire: Shortbow          ||   137
    Use: Scroll            ||     3
 Armour: Leather armour    ||    13
  Dodge: Dodged            ||    33

Table legend:
 A = Non-vault XP
 B = Vault XP
 C = Vault XP percentage of total XP
 D = Non-vault monster count
 E = Vault monster count
 F = Vault count percentage of total count
                 A         B        C        D         E       F
            +---------+---------+-------+---------+---------+-------
      Total |      94 |       0 |   0.0 |      43 |       0 |   0.0
            +---------+---------+-------+---------+---------+-------
        D:1 |      41 |       0 |   0.0 |      26 |       0 |   0.0
        D:2 |      46 |       0 |   0.0 |      13 |       0 |   0.0
        D:3 |       7 |       0 |   0.0 |       4 |       0 |   0.0
            +---------+---------+-------+---------+---------+-------
